[Event "56th Ilmar Raud Memorial 2022"]
[Site "Viljandi"]
[Date "2022.07.05"]
[Round "2.5"]
[White "Miezis, Normunds"]
[Black "Rychagov, Nikita"]
[Result "1-0"]
[ECO "A09"]
[WhiteElo "2446"]
[BlackElo "2076"]
[Annotator "TA"]
[PlyCount "145"]
[EventDate "2022.07.05"]
[EventType "swiss"]
[EventCountry "EST"]
[SourceTitle "playchess.com"]
[Source "ChessBase"]
[SourceQuality "1"]
[TimeControl "40/5400+30:900+30"]

1. Nf3 {[%emt 0:00:28] Edouard,Romain} d5 2. c4 d4 3. e3 c5 4. exd4 cxd4 5. Bd3 Nc6 6. O-O {[%emt 0:00:21] A09: Réti Opening: 1 Nf3 d5 2 c4.} Nf6 7. Bc2 {[%emt 0:01:57] [#]} e6 $146 ({Predecessor:} 7... Bg4 8. Ba4 Nd7 9. h3 Bh5 10. d3 e5 11. Re1 Be7 12. Nbd2 O-O 13. Ne4 Qc7 {1-0 (56) Aronian,L (2773)-Vidit,S (2726) Chess.com INT 2020 CBM 196 [Edouard,Romain]}) 8. d3 {[%emt 0:00:46] The position is equal.} Bd6 9. a3 a5 10. Re1 h6 11. Nbd2 O-O 12. Nf1 Re8 13. Rb1 e5 14. Ng3 Qc7 15. h3 Bd7 16. Bd2 Ne7 17. b4 axb4 18. axb4 Ng6 19. Bb3 b6 20. Rc1 Bf8 21. Ra1 Rxa1 22. Qxa1 Bc6 23. Ne4 Nxe4 24. dxe4 Ra8 25. Qb1 Ra3 26. h4 h5 (26... Be7 $17 27. g3 Nf8) 27. Ng5 $11 Be7 {[%emt 0:01:10] Inhibits c5.} ({Don't play} 27... Nxh4 28. c5 Be8 29. Qd3 Rxb3 30. Qxb3 bxc5 31. bxc5 $14) 28. Bc1 Ra7 ({Don't do} 28... Nxh4 29. Bxa3 Bxg5 30. b5 $16) 29. Bd1 (29. Bd2 $11 {remains equal.}) 29... Nxh4 {[%emt 0:03:20] White must now prevent ...Qd8.} 30. Bxh5 Be8 (30... f6 $17 31. Bf7+ Kh8) 31. Qb3 {[%emt 0:05:47] [#]} (31. g3 $15) 31... Bxg5 (31... Ra1 $1 $17 {Threatens to win with ...Bxg5.} 32. Qb2 Qa7) 32. Bxg5 Ng6 33. c5 (33. Bxg6 $5 fxg6 34. Rc1 $11) 33... Nf4 ({Black should try} 33... Nf8 $11) 34. Bxf4 $14 exf4 35. Qd5 bxc5 36. bxc5 Ra5 37. Rc1 d3 38. Bf3 d2 39. Qxd2 Rxc5 40. Rxc5 Qxc5 41. Qxf4 {[%emt 0:00:24][%mdl 4096] Endgame KQB-KQB} Bd7 42. e5 Be6 43. g3 Bd5 44. Bxd5 Qxd5 {[%emt 0:00:02] KQ-KQ} 45. g4 Qd1+ 46. Kg2 Qd5+ 47. Kh2 Qd3 48. Qe3 Qd5 49. Kg3 Qc4 50. f3 Qb4 51. f4 Kf8 52. f5 Ke7 53. Qg5+ Ke8 54. Qe3 Kf8 55. f6 gxf6 56. exf6 {[%emt 0:01:11] Strongly threatening Qe5.} Qd6+ 57. Qf4 Qd3+ 58. Qf3 Qd6+ 59. Kh3 Kg8 60. Qf5 Qd2 {[%emt 0:03:16] Inhibits Qg5+.} 61. Qe5 {[%emt 0:01:22] Intending Qe8+ and mate.} Kh7 62. Kg3 {[%emt 0:00:43] Qe4+ would kill now.} Qa2 $2 (62... Qh6 $11) 63. Qg5 {[%emt 0:01:41][%csl Gf6][%cal Rg5g7] White mates.} Qa3+ {[%emt 0:00:34] [#]} 64. Kh4 $1 Qf8 65. Kh5 Qh8 66. Qh6+ Kg8 67. Qxh8+ Kxh8 {[%emt 0:00:05] KPP-KP} 68. g5 Kh7 69. Kg4 Kg8 70. Kf4 Kf8 71. Ke5 Ke8 72. Kd6 Kd8 73. g6 {[%emt 0:00:12] Weighted Error Value: White=0.13 (very precise) /Black=0.15 (very precise)} 1-0

[Event "56th Ilmar Raud Memorial 2022"]
[Site "Viljandi"]
[Date "2022.07.05"]
[Round "2.6"]
[White "Krivenko, Dion"]
[Black "Starostits, Ilmars"]
[Result "1-0"]
[ECO "C00"]
[WhiteElo "2090"]
[BlackElo "2441"]
[Annotator "TA"]
[PlyCount "69"]
[EventDate "2022.07.05"]
[EventType "swiss"]
[EventCountry "EST"]
[SourceTitle "playchess.com"]
[Source "ChessBase"]
[SourceQuality "1"]
[TimeControl "40/5400+30:900+30"]

1. e4 e6 2. Qe2 d6 3. Nf3 {[%emt 0:00:53] [#]} Nd7 $146 ({Predecessor:} 3... e5 4. g3 Nf6 5. Bg2 Be7 6. O-O O-O 7. c3 c5 8. d3 h6 9. Be3 Nc6 10. Rd1 {1-0 (57) Zverka,P (1000)-Hyros,S (1000) Liptovsky Mikulas 2016}) 4. g3 b6 5. Bg2 Bb7 6. O-O {[%emt 0:00:17] C00: French: Unusual White 2nd moves.} g6 7. d4 Bg7 8. c4 {[%emt 0:00:20] White is slightly better.} Ne7 9. Nc3 O-O 10. Rd1 e5 11. Be3 (11. dxe5 {is more complex.} Nxe5 12. Nxe5 Bxe5 13. Bh6) 11... Re8 12. d5 a5 13. a3 a4 14. Qc2 {[%emt 0:03:01] White is more active.} Nf6 15. Nxa4 (15. Nh4 {feels hotter.} Qd7 16. Bf1 h6 17. f3) 15... Nxe4 $1 16. Nxb6 $1 (16. Qxe4 $6 Rxa4 17. b3 Ra8 $15) 16... Nxg3 (16... cxb6 $14 17. Qxe4 h6) 17. Nxa8 $18 (17. fxg3 cxb6 18. Qb3 Rb8 $11) 17... Ngf5 {[%emt 0:00:07] [#]} 18. Nxc7 Qxc7 19. Qe2 Ba6 (19... Nxe3 $142 20. fxe3 Qb6) 20. Rac1 Nxe3 21. fxe3 Bh6 22. Rc3 (22. Qf2 $18) 22... e4 $16 {[%emt 0:01:24] [#]} 23. Ne1 Nf5 24. Nc2 (24. Bh3 $142) 24... Re5 (24... Qe7 $16 {keeps fighting.}) 25. Qf2 Qd8 (25... Bg7 $16 {is a better defense.} 26. Bh3 Qe7) 26. Nb4 {[%emt 0:00:00] Hoping for Nc6.} Bb7 27. Nc6 Bxc6 28. dxc6 {[%emt 0:00:00] aiming for Rd5.} Qb6 29. Rd5 {[%emt 0:00:00][%cal Bd1d5,Bd5d6,Bd6d7][%mdl 32] Strongly threatening Rxe5.} ({Inferior is} 29. c5 Rxc5 30. Re1 (30. Bxe4 $2 Rxc3 31. Kh1 Rc4 $19) (30. Rxc5 $2 Bxe3 31. Rc2 Bxf2+ 32. Rxf2 Qxc6 $19) 30... Rxc3 31. bxc3 Qxc6 $15) 29... Re7 {[%emt 0:03:30] Black cannot hold the game after this.} (29... Bg7 $16 30. Rxe5 Bxe5) 30. Bh3 Bxe3 {[%emt 0:03:01] [#]} 31. Rxe3 Nxe3 32. Rxd6 {[%emt 0:00:00] Rd7 is the strong threat.} f5 $2 (32... Nxc4 33. Qxb6 Nxb6) 33. b4 (33. Bf1 $142) 33... Qa7 $2 (33... Nxc4 34. Qxb6 Nxb6) 34. Rd7 $18 Qxa3 35. c7 {[%emt 0:04:15] Weighted Error Value: White=0.24 (precise) /Black=0.49} ({Not} 35. Rxe7 Qc1+ 36. Bf1 Nxf1 $11) 1-0

[Event "56th Ilmar Raud Memorial 2022"]
[Site "Viljandi"]
[Date "2022.07.05"]
[Round "3.1"]
[White "Cruz Lledo, Pablo"]
[Black "Laurusas, Tomas"]
[Result "0-1"]
[ECO "D12"]
[WhiteElo "2433"]
[BlackElo "2561"]
[Annotator "TA"]
[PlyCount "98"]
[EventDate "2022.07.05"]
[EventType "swiss"]
[EventCountry "EST"]
[SourceTitle "playchess.com"]
[Source "ChessBase"]
[SourceQuality "1"]
[TimeControl "40/5400+30:900+30"]

1. d4 d5 2. c4 c6 3. Nf3 Nf6 4. e3 Bf5 5. Nc3 e6 6. Bd3 Bg6 7. O-O Nbd7 8. Qe2 Bb4 9. Bd2 {[%emt 0:00:10][%cal Oc3d5] D12: Slav Defence: 3 Nf3 Nf6 4 e3 Bf5.} a5 10. a3 Be7 $5 {[%emt 0:01:05][%mdl 4] An interesting side line.} 11. e4 {[%emt 0:02:51] White has an edge.} dxe4 (11... Nxe4 {keeps more tension.} 12. Nxe4 dxe4 13. Bxe4 Bxe4 14. Qxe4 O-O) 12. Nxe4 Nxe4 13. Bxe4 {[%emt 0:00:07] [#]} Bxe4 $146 ({Predecessor:} 13... O-O) 14. Qxe4 a4 15. Rfd1 O-O 16. Bc3 Nf6 17. Qe2 Qc7 18. Rac1 Qf4 19. Bd2 Qe4 20. Qxe4 Nxe4 21. Be3 Rfd8 22. Nd2 Nxd2 23. Rxd2 Bf6 24. Kf1 Rd7 25. c5 h5 26. Rc4 Kh7 27. Ke2 Kg6 28. Rb4 Kf5 29. f4 Be7 {[%emt 0:00:47] Hoping for ...b5.} 30. Kf3 $2 (30. Rc4 $11) 30... b5 $19 31. b3 {[%emt 0:02:03] [#]} Bd8 $1 32. bxa4 Ba5 ({Stronger than} 32... Rxa4 33. Rxa4 bxa4 34. Rb2 $11) 33. axb5 Bxb4 34. axb4 cxb5 {[%emt 0:00:15][%mdl 4096] Endgame KRR-KRB} 35. h3 h4 36. Rc2 Rd5 {[%emt 0:01:17] Black is more active.} 37. c6 Rc8 38. Bf2 f6 39. c7 (39. Ke3 $17 {was necessary.}) 39... Rd7 40. Rc5+ Kg6 41. f5+ $2 (41. Rxb5 Rcxc7 42. Rc5) 41... exf5 42. d5 Rcxc7 {[%emt 0:00:53] Black is clearly winning.} 43. d6 (43. Rxb5 $142 Rc3+ 44. Ke2) 43... Rxc5 44. bxc5 {[%emt 0:00:02] KR-KB} Kf7 45. Bxh4 Ke6 46. Be1 Ra7 47. Ke3 Ra2 48. Kd3 Rxg2 {[%emt 0:00:59] [#] And now ...f4 would win.} 49. Kc3 Re2 {[%emt 0:00:41] Weighted Error Value: White=0.74/Black=0.04 (flawless)} 0-1

[Event "56th Ilmar Raud Memorial 2022"]
[Site "Viljandi"]
[Date "2022.07.05"]
[Round "3.2"]
[White "Kiik, Kalle"]
[Black "Pultinevicius, Paulius"]
[Result "1/2-1/2"]
[ECO "D41"]
[WhiteElo "2365"]
[BlackElo "2539"]
[Annotator "TA"]
[PlyCount "124"]
[EventDate "2022.07.05"]
[EventType "swiss"]
[EventCountry "EST"]
[SourceTitle "playchess.com"]
[Source "ChessBase"]
[SourceQuality "1"]
[TimeControl "40/5400+30:900+30"]

1. e4 c6 2. c4 d5 3. cxd5 cxd5 4. exd5 Nf6 5. Nc3 Nxd5 6. Bc4 e6 7. Nf3 Be7 8. O-O O-O 9. d4 Nc6 10. Re1 Bf6 11. Ne4 Nce7 {[%emt 0:00:14] D41: Queen's Gambit Declined: Semi-Tarrasch with 5 cxd5.} 12. Nxf6+ Nxf6 13. Bg5 {[%emt 0:01:16] [#]} h6 $146 (13... b6 $11 {keeps the balance.}) ({Predecessor:} 13... Nf5 14. Rc1 h6 15. Bf4 Nd5 16. Bd2 b6 17. Ne5 Bb7 18. Bd3 Nf6 19. Bb4 Re8 {0-1 (45) Plotkin,M (2430)-Molina,R (2434) Tornelo INT 2021}) 14. Bxf6 $16 gxf6 15. Qd2 Kg7 16. Re4 {[%emt 0:08:29] White is much more active. The black rooks are badly placed.} Ng6 17. Nh4 Qd6 18. Nxg6 fxg6 19. Rae1 Re8 20. Qe3 Bd7 21. Bxe6 Bxe6 22. Rxe6 Rxe6 23. Qxe6 Qxe6 24. Rxe6 $14 {[%emt 0:00:05][%mdl 4096] Endgame KR-KR} Rc8 25. g3 {[%emt 0:01:28] And now Re7+ would win.} Kf7 {[%emt 0:01:00] Prevents Re7+.} 26. Re3 Rc2 27. Rb3 b6 28. Kg2 Ke6 29. Kf3 $1 Kd5 30. Ke3 h5 31. h4 Kd6 32. Rb5 (32. Ra3 $16) 32... Kc6 (32... Rc1 $1 $11) 33. Rb4 Kd5 (33... Rc1 $11) 34. a4 $1 $16 Kd6 35. Rb5 Kc6 36. Rb3 Kd6 37. Rb4 Kc6 38. Rb5 Rc4 39. d5+ $1 Kb7 {[%emt 0:08:54] [#]} 40. a5 $1 Ra4 41. axb6 axb6 {[%emt 0:01:11] [#]} 42. Rb3 (42. f4 $1 $18) 42... Ra5 43. Rd3 Rb5 44. d6 {[%emt 0:03:46][%cal Bd5d6,Bd6d7][%mdl 32] d7 would kill now.} Kc8 45. d7+ Kd8 46. Rd6 (46. b3 $1 $14) 46... g5 $1 $11 47. hxg5 (47. Rxf6 $5 gxh4 48. gxh4 $14) 47... fxg5 48. Rd2 {[%emt 0:00:48] Black must now prevent Ke4.} Re5+ 49. Kf3 Rf5+ (49... g4+ $11 50. Kf4 Rb5) 50. Ke4 $16 Rf7 51. f4 (51. f3 $16) 51... gxf4 {[%emt 0:00:48] The position is equal.} 52. gxf4 h4 $1 53. Rd6 Rh7 {[%emt 0:00:11] Prevents Rh6.} 54. Rxb6 {[%emt 0:00:36] White wants to mate with Rb8+.} Rh5 (54... h3 {is a self mate.} 55. Rb8+ Kxd7 56. Rb7+ Ke6 57. Rxh7 h2 58. Rxh2 Ke7 59. Ke5) 55. Rd6 ({Avoid the trap} 55. f5 $2 h3 56. Ke5 h2 $19) 55... h3 $132 {[%emt 0:01:31][%mdl 2048] ( -> ...h2). Black is fighting back} 56. Rd1 {[%emt 0:00:05] aiming for Kf3.} h2 57. Rh1 Kxd7 58. Kf3 {[%emt 0:00:17] Threatens to win with Kg3.} Ke6 59. Kg4 Rh8 60. Kg3 Kf5 61. Rxh2 Rxh2 62. Kxh2 Kxf4 {[%emt 0:00:05] Weighted Error Value: White=0.15 (very precise) /Black=0.16 (very precise)} 1/2-1/2

[Event "56th Ilmar Raud Memorial 2022"]
[Site "Viljandi"]
[Date "2022.07.05"]
[Round "3.3"]
[White "Maiorov, Nikita"]
[Black "Krivenko, Dion"]
[Result "1/2-1/2"]
[ECO "E68"]
[WhiteElo "2474"]
[BlackElo "2090"]
[Annotator "TA"]
[PlyCount "76"]
[EventDate "2022.07.05"]
[EventType "swiss"]
[EventCountry "EST"]
[SourceTitle "playchess.com"]
[Source "ChessBase"]
[SourceQuality "1"]
[TimeControl "40/5400+30:900+30"]

1. d4 Nf6 2. c4 g6 3. g3 Bg7 4. Bg2 O-O 5. Nf3 d6 6. O-O Nbd7 7. Qc2 e5 8. Rd1 exd4 9. Nxd4 c6 10. e4 Re8 11. Nc3 Qc7 {[%emt 0:02:57] E68: King's Indian: Fianchetto: 6...Nbd7 7 0-0 e5 8 e4.} 12. h3 a6 13. Bf4 Ne5 {[%emt 0:01:01] White is slightly better.} 14. b3 {[%emt 0:02:26] [#]} h6 $146 ({Predecessor:} 14... Bd7 15. Bg5 c5 16. Nde2 Bc6 17. a4 Ned7 18. Bf4 Re6 19. Qd3 Bf8 20. g4 Rb8 {1-0 (67) Marcu,V (2022)-Van der Plas,R (2290) ICCF email 2015}) 15. Be3 Rb8 16. a4 c5 17. Nde2 Kh7 18. f4 ({White should try} 18. Rd2 $16) 18... Nc6 $14 19. Bf2 h5 (19... b6 $11) 20. Rac1 b6 21. Qd2 Bf8 22. Nd5 (22. f5 {with more complications.} Bb7 23. Qg5 Be7 24. Qf4) 22... Nxd5 23. cxd5 Na5 24. Qc2 Qd8 25. Be1 (25. b4 $5 cxb4 26. Nd4 $14) 25... b5 26. Bc3 (26. b4 $5 ) 26... bxa4 (26... b4 $5 27. Bb2 Bd7 $11) 27. bxa4 Nc4 {[%emt 0:03:29] White must now prevent ...Ne3.} 28. Ba1 Rb4 29. Rb1 {[%emt 0:02:22] Strongly threatening Rxb4.} Qa5 (29... Qb6 $1 $11 {remains equal.}) 30. Bc3 $2 ({Resist} 30. Qc3 Bh6 $14) (30. Qd3 $1 $16 {stays on course.}) 30... Qxa4 $17 31. Qd3 Rxb1 32. Rxb1 Na3 $1 33. Ra1 {[%emt 0:02:08] [#] Threatens to win with Bf6.} Qc4 (33... Qc2 $1 $17 34. Nc1 {[#]} f5 $1) 34. Qd2 (34. Qxc4 $15 Nxc4 35. Bf6) 34... Nb5 35. Bf6 Qb4 (35... Rxe4 $17 36. Bxe4 Qxe4) 36. Qxb4 $15 cxb4 37. Ra4 a5 (37... Bg7 $15 38. Bxg7 Kxg7) 38. Rxa5 $11 Bd7 {[%emt 0:00:30] Weighted Error Value: White=0.23 (precise) /Black=0.22 (precise)} 1/2-1/2

[Event "56th Ilmar Raud Memorial 2022"]
[Site "Viljandi"]
[Date "2022.07.05"]
[Round "3.4"]
[White "Povilaitis, Tomas"]
[Black "Miezis, Normunds"]
[Result "0-1"]
[ECO "B42"]
[WhiteElo "2002"]
[BlackElo "2446"]
[Annotator "TA"]
[PlyCount "66"]
[EventDate "2022.07.05"]
[EventType "swiss"]
[EventCountry "EST"]
[SourceTitle "playchess.com"]
[Source "ChessBase"]
[SourceQuality "1"]
[TimeControl "40/5400+30:900+30"]

1. e4 c5 2. Nf3 e6 3. d4 cxd4 4. Nxd4 a6 5. Bd3 g6 6. Be3 Bg7 7. O-O {[%emt 0:00:09] was the old line (7.Nc3).} Ne7 8. c3 {[%emt 0:01:29] B42: Sicilian: Kan Variation: 5 Bd3.} d5 9. Nd2 O-O {[%emt 0:02:28] [#]} 10. Be2 $146 ({White should try} 10. Re1 $14) ({Predecessor:} 10. N2f3 e5 11. Nb3 dxe4 12. Bxe4 Qxd1 13. Rfxd1 f5 14. Bc2 e4 15. Nfd4 h6 16. Nc5 Bxd4 17. cxd4 {½-½ (25) Svidler,P (2714)-Frolyanov,D (2542) Chess.com INT 2021}) 10... h6 (10... e5 $5 11. Nc2 d4 12. cxd4 exd4 $15) 11. N4b3 Nd7 12. Bf3 Ne5 13. exd5 Nxd5 14. Bd4 Nxf3+ 15. Nxf3 f6 16. Qc2 e5 17. Bc5 Bf5 18. Qd2 Re8 19. Nh4 $1 Be6 20. Nxg6 Qc7 (20... Kh7 $11 {is more appropriate.} 21. Nh4 f5) 21. c4 $14 Nb6 22. Qa5 Qf7 23. Nxe5 (23. Bxb6 Qxg6 24. Rac1 Rac8 $11) 23... fxe5 24. Qxb6 Bxc4 25. Rfe1 (25. Rfd1 $1 $14) 25... Re6 $11 26. Qb4 Rg6 {[%emt 0:00:29][%cal Og6g2] White must now prevent ...Rxg2+!} 27. Re3 $2 {[%emt 0:03:53] [#] Loses the game.} (27. Nd2 $11 {and White stays safe.} Bd5 28. f3) 27... b6 $1 $40 {[%emt 0:03:01][%mdl 1152] Black has strong compensation. Black attacks with force.} (27... Qd5 28. Rg3 Rxg3 29. hxg3 $14) 28. Be7 (28. Rg3 $142 bxc5 29. Nxc5) 28... a5 ({Weaker is} 28... Qd5 29. Rg3 a5 30. Qe1 (30. Qc3 Rxg3 31. hxg3 Re8 $11) 30... Rxg3 31. hxg3 $11) 29. Qa3 Ra7 ({Wrong is} 29... Qd5 $2 30. Rg3 Rxg3 31. hxg3) 30. Nd2 Bd5 {[%emt 0:00:58] A strong pair of Bishops.} ({Not} 30... Qd5 31. Ne4 $14) 31. Bh4 $2 {[%emt 0:00:06] [#]} (31. Rg3 Rxe7 32. Nf1) 31... Rxg2+ {[%emt 0:00:23] Black is clearly winning.} 32. Kf1 Rxh2 33. Rh3 Bg2+ {[%emt 0:00:13] Weighted Error Value: White=0.70/Black=0.05 (flawless)} 0-1

[Event "56th Ilmar Raud Memorial 2022"]
[Site "Viljandi"]
[Date "2022.07.05"]
[Round "3.5"]
[White "Kulaots, Kaido"]
[Black "Soot, Margus"]
[Result "1-0"]
[ECO "B42"]
[WhiteElo "2543"]
[BlackElo "2062"]
[Annotator "TA"]
[PlyCount "49"]
[EventDate "2022.07.05"]
[EventType "swiss"]
[EventCountry "EST"]
[SourceTitle "playchess.com"]
[Source "ChessBase"]
[SourceQuality "1"]
[TimeControl "40/5400+30:900+30"]

1. e4 c5 2. Nf3 e6 3. d4 cxd4 4. Nxd4 a6 5. Bd3 g6 6. O-O Bg7 7. c3 Ne7 {[%emt 0:05:46] 7...Ne7 scores better than 7...d6.} 8. f4 {[%emt 0:00:57] B42: Sicilian: Kan Variation: 5 Bd3.} (8. Bg5 {feels hotter.} O-O 9. Bc2 d6 10. Nd2) 8... O-O 9. Nd2 {[%emt 0:01:32] [#]} Nbc6 $146 ({Predecessor:} 9... d6 10. N2f3 Nd7 11. f5 e5 12. Ne2 gxf5 13. exf5 Nc5 14. Bc2 Bxf5 15. Bxf5 Nxf5 {0-1 (31) Abdulov,O (2356)-Anurag,M (2416) Al Ain 2013}) 10. N2f3 (10. Nxc6 $14 {is more appropriate.} Nxc6 11. Nf3) 10... Nxd4 $11 11. cxd4 b5 12. Bd2 d6 13. Qe1 Nc6 14. Be3 Bb7 15. Rd1 Qe7 16. a3 Rac8 17. Bb1 f5 (17... Rfe8 $11) 18. e5 dxe5 19. dxe5 Rfd8 20. Rxd8+ Rxd8 21. Ba2 Nb8 (21... h6 $14) 22. Qh4 $18 Re8 {[%emt 0:07:54] [#]} (22... Qxh4 23. Bxe6+ (23. Nxh4 Kf7 $14) 23... Kf8 24. Nxh4 Ke7) 23. Ng5 h6 24. Bxe6+ Kf8 25. Nh7# {[%emt 0:00:07] Weighted Error Value: White=0.12 (very precise) /Black=0.54} 1-0

[Event "56th Ilmar Raud Memorial 2022"]
[Site "Viljandi"]
[Date "2022.07.05"]
[Round "3.6"]
[White "Shishkov, Andrei"]
[Black "Blokhin, Sofia"]
[Result "1-0"]
[ECO "A91"]
[WhiteElo "2366"]
[BlackElo "1996"]
[Annotator "TA"]
[PlyCount "129"]
[EventDate "2022.07.05"]
[EventType "swiss"]
[EventCountry "EST"]
[SourceTitle "playchess.com"]
[Source "ChessBase"]
[SourceQuality "1"]
[TimeControl "40/5400+30:900+30"]

1. d4 f5 2. g3 e6 3. Bg2 Nf6 4. Nh3 d5 5. O-O Be7 6. c4 O-O 7. Nf4 {[%emt 0:01:31] A91: Classical Dutch: Early Deviations.} c6 8. Qc2 Na6 9. a3 {[%emt 0:00:49] White is slightly better.} Nc7 10. Nd2 Bd7 11. Nf3 Ne4 12. Ne5 Be8 13. f3 Nd6 {[%emt 0:02:25] [#]} 14. b3 $146 {[%emt 0:01:38] 0x0.00222d48104ddp-1022s more active pieces. The black rooks are badly placed.} ({Predecessor:} 14. Bd2 Nxc4 15. Nxc4 dxc4 16. Qxc4 Bf7 17. Qd3 Bf6 18. e3 e5 19. dxe5 Bxe5 20. Qc2 Nd5 21. Nd3 Bc7 22. Rfe1 Re8 {½-½ (22) Donchenko,A (2492)-Fernandez,D (2377) Balatonboglar 2014}) 14... g5 15. Nfd3 Nf7 16. Bb2 Nxe5 17. Nxe5 Bf6 18. e4 Bxe5 19. dxe5 Bg6 20. exf5 Bxf5 21. Qc3 Rc8 22. Qe3 b6 23. Rad1 Qe7 24. Bc1 h6 25. h4 c5 {[%emt 0:05:08] [#]} (25... gxh4 $14 26. g4 Bc2) 26. Rf2 $1 $16 d4 ({Weaker is} 26... gxh4 27. g4 Bg6 28. Qxh6 $16) 27. Qd2 b5 28. hxg5 hxg5 29. Qxg5+ (29. g4 $16 Bh7 30. Qxg5+ Qxg5 31. Bxg5) 29... Qxg5 $14 30. Bxg5 Rf7 {[%emt 0:00:29] Prevents Be7.} ({Black should play} 30... bxc4 $14 31. bxc4 Kf7) 31. g4 $18 Bh7 32. f4 a5 33. Bf1 {[%emt 0:02:00] A strong pair of Bishops.} (33. a4 $142 bxc4 34. bxc4) 33... Rb8 (33... a4 $16 {keeps fighting.}) 34. Bf6 Be4 $2 (34... bxc4 $16 35. Bxc4 Be4) 35. Re1 Bc6 36. Rh2 Rh7 {[%emt 0:00:27] Inhibits Rh8+.} 37. Rxh7 Kxh7 38. Bd3+ Kg8 39. Re2 {[%emt 0:00:31] Strongly threatening Rh2.} bxc4 40. Bxc4 {[%emt 0:00:00] Black must now prevent Rh2.} Nd5 41. f5 Kf7 42. Rh2 $2 (42. g5 $18 {has better winning chances.} exf5 43. Rh2) 42... Nxf6 $16 43. fxe6+ Kg7 44. exf6+ Kxf6 $14 {[%emt 0:00:07][%mdl 4096] Endgame KRB-KRB} 45. Rh5 Bb5 $1 46. Rf5+ Ke7 47. Rxc5 (47. Kg2 {is more complex.} Bxc4 48. bxc4 a4 49. Kf3) 47... Bxc4 48. bxc4 Kxe6 49. Rxa5 $11 {[%emt 0:00:50] Kf2 is the strong threat. KR-KR} Rc8 50. Ra6+ (50. Kf2 $16) 50... Ke5 51. Kf2 Rxc4 52. g5 Ke4 53. g6 Kd3 $2 (53... Rc2+ $11 54. Kg3 Rc1) 54. g7 $18 Rc8 55. Rc6 Re8 56. a4 {[%emt 0:00:11] White threatens a5 and mate.} Kd2 57. a5 {[%emt 0:00:12] White mates.} d3 58. a6 Kd1 59. Rg6 Rg8 {[%emt 0:00:59] [#]} 60. a7 $1 (60. Ke3 d2 $11) 60... d2 61. a8=Q Rxa8 62. g8=Q Rxg8 63. Rxg8 Kc1 64. Rc8+ Kd1 65. Rd8 {[%emt 0:00:05] Weighted Error Value: White=0.35/Black=0.34} 1-0

[Event "56th Ilmar Raud Memorial 2022"]
[Site "Viljandi"]
[Date "2022.07.05"]
[Round "4.1"]
[White "Laurusas, Tomas"]
[Black "Miezis, Normunds"]
[Result "1-0"]
[ECO "A52"]
[WhiteElo "2561"]
[BlackElo "2446"]
[Annotator "TA"]
[PlyCount "111"]
[EventDate "2022.07.05"]
[EventType "swiss"]
[EventCountry "EST"]
[SourceTitle "playchess.com"]
[Source "ChessBase"]
[SourceQuality "1"]
[TimeControl "40/5400+30:900+30"]

1. d4 Nf6 2. c4 e5 3. dxe5 Ng4 4. Nc3 Nxe5 5. e3 g6 (5... d6 6. Nge2 g6 7. b3 Bg7 8. Bb2 O-O 9. Nf4 Nbd7 10. Be2 Nc5 11. O-O a5 12. Qc2 Re8 13. Rad1 Nc6 14. Ncd5 Bf5 15. Qd2 Ne5 16. Kh1 Ne4 17. Qe1 c6 {½-½ (54) Laurusas,T (2418)-Miezis,N (2499) Tallinn 2015}) 6. b3 {[%emt 0:00:37] A52: Budapest Gambit.} Bg7 7. Bb2 O-O 8. Be2 {[%emt 0:08:08] The position is equal.} Re8 9. Nf3 Nbc6 (9... d6 $11 {should be considered.}) 10. O-O d6 11. Qd2 {[%emt 0:01:06] [#]} Bf5 $146 ({Predecessor:} 11... b6 12. Nb5 Bb7 13. Rad1 a6 14. Nbd4 Qe7 15. Rfe1 Rad8 16. Qc1 f5 17. a3 a5 {0-1 (46) Dudiefa,D-Van Kemenade,R (2087) Coventry 2005}) 12. Rad1 a5 13. Qc1 Nd7 14. Nd5 Be4 15. Bxg7 Kxg7 16. Qc3+ Kg8 17. a3 {[%emt 0:09:42] Against Nb4} Ne7 18. Nf4 Nf5 19. Nd2 Bc6 20. Nd5 Ne7 21. Nf3 Bxd5 22. cxd5 Nb6 23. Bc4 {[%emt 0:00:03] White is much more active.} Nxc4 24. Qxc4 Nc8 25. Qf4 (25. Rc1 $5 ) 25... Qe7 26. Rd4 Nb6 27. Rc1 Rac8 28. Qh6 f6 29. h3 c6 30. dxc6 bxc6 31. Qf4 d5 32. b4 axb4 33. Rxb4 Nc4 34. Rcb1 Rc7 ({Reject} 34... Nxa3 35. R1b3 (35. Rb7 Qf8 $15) 35... Nc4 36. Rb7 $15) (34... Qd8 $11 {remains equal.}) 35. Rb8 $16 {[%emt 0:05:20] Strongly threatening Rxe8+.} Rxb8 36. Rxb8+ Kg7 {[%emt 0:00:14] [#]} 37. Nd4 $1 $36 {[%emt 0:00:06][%mdl 2048] White has strong initiative.} Ne5 $2 (37... Rd7 $16 {is a better chance.}) 38. Qg3 $18 {[%emt 0:00:35] And now Nf5+ would win.} Kf7 39. Rh8 Kg7 40. Ra8 {[%emt 0:00:00] Nf5+ is the strong threat.} Kf7 {[%emt 0:00:00] [#]} 41. Rh8 $2 (41. Nf5 $1 Qd7 (41... Qc5 42. Rh8) 42. Nh6+ (42. Rh8 Ke6 $16) 42... Ke6 43. f4) 41... Kg7 42. Nf5+ {[%emt 0:00:04] White is clearly winning.} Kxh8 43. Nxe7 Rxe7 {[%emt 0:00:12][%mdl 4096] Endgame KQ-KRN} 44. Qf4 Kg7 45. Qd4 Rb7 46. a4 Nc4 47. Qc5 Rb1+ 48. Kh2 Nd2 49. h4 Nf1+ 50. Kh3 Nd2 51. f3 Nc4 52. Qe7+ Kg8 53. Qxf6 Re1 54. Qe6+ Kg7 55. Qxc6 h5 56. e4 {[%emt 0:01:39] Weighted Error Value: White=0.18 (very precise) /Black=0.31} 1-0